 Dungeon Sprint DCSS version 0.27.1-1-g398f81649c (webtiles) character file.

Game seed: 10936240911170340976

111 ugugthedestroyer the Ducker (level 4, -3/28 HPs)
             Began as a Vampire Gladiator on Sept 7, 2021.
             Was a Follower of Yredelemnul.
             Slain by a water moccasin (5 damage)
             ... while paralysed by a floating eye
             ... in the Dungeon (Sprint VII: "The Pits").
             The game lasted 00:02:18 (201 turns).

ugugthedestroyer the Ducker (Vampire Gladiator)      Turns: 201, Time: 00:02:18

Health: -3/28      AC:  4    Str: 13    XL:     4   Next: 62%
Magic:  4/4        EV:  2    Int: 10    God:    Yredelemnul [*.....]
Gold:   0          SH:  0    Dex: 16    Spells: 3/3 levels left

rFire    . . .     SeeInvis +   k - +2 short sword (speed)
rCold    + + .     Faith    .   (no shield)
rNeg     + + +     Spirit   .   b - +0 leather armour
rPois    ∞         Reflect  .   c - +0 helmet
rElec    .         Harm     .   (no cloak)
rCorr    .         Rampage  .   (no gloves)
Will     .....     NoTele   +   (no boots)
Stlth    ++++......             (no amulet)
HPRegen  0.00/turn              (no ring)
MPRegen  0.09/turn              (no ring)

@: paralysed, bloodless, inhibited regen
A: bloodless, fangs 3, see invisible, vampiric 2
a: Bat Form, Revivify, Renounce Religion, Animate Remains


You were in the Dungeon.
You worshipped Yredelemnul.
Yredelemnul was aware of your devotion.
You visited 1 branch

Inventory:

Hand Weapons
 a - a +0 long sword
 k - a +2 short sword of speed (weapon)
Missiles
 d - 3 throwing nets (quivered)
Armour
 b - a +0 leather armour (worn)
 c - a +0 helmet (worn)
Scrolls
 j - a scroll of blinking
 m - 5 scrolls of amnesia
 n - a scroll of summoning
Potions
 e - a potion of curing
 g - a potion of haste
 h - 4 potions of magic
 i - 3 potions of berserk rage
 l - 2 potions of invisibility


   Skills:
 + Level 3.5 Fighting
 + Level 1.1(4.4) Short Blades
 + Level 6.3(6.4) Long Blades
 - Level 1.5 Throwing
 + Level 0.7 Armour
 + Level 7.0 Dodging
 + Level 3.3 Stealth


You had 3 spell levels left.
You didn't know any spells.
Your spell library was empty.

Dungeon Overview and Level Annotations

Branches:
Dungeon (1/1)

Altars:
Ashenzari
Cheibriados
Dithmenos
Elyvilon
Fedhas
Gozag
Hepliaklqana
Kikubaaqudgha
Makhleb
Nemelex Xobeh
Okawaru
Qazlal
Ru
Sif Muna
Trog
Uskayaw
Vehumet
Wu Jian
Xom
Yredelemnul
Zin
The Shining One
Beogh
Jiyva
Lugonu


Innate Abilities, Weirdness & Mutations

You do not regenerate when monsters are visible.
You are frail without blood (-20% HP).
You can heal yourself when you bite living creatures.
You are immune to poison.
You have razor-sharp teeth.
You have supernaturally acute eyesight. (SInv)
You are afflicted with vampirism and can become a bat while bloodless.


Message History

You hit the water moccasin.
The water moccasin is moderately wounded.
The water moccasin closely misses you.
You hit the water moccasin.
The water moccasin is moderately wounded.
The water moccasin completely misses you.
You hit the water moccasin.
The water moccasin is heavily wounded.
You hit the water moccasin but do no damage.
The water moccasin is heavily wounded.
The water moccasin closely misses you.
You closely miss the water moccasin. Your bite misses the water moccasin.
The water moccasin is heavily wounded.
The water moccasin bites you but does no damage.
You closely miss the water moccasin.
The water moccasin is heavily wounded.
The water moccasin barely misses you.
You hit the water moccasin.
The water moccasin is heavily wounded.
The water moccasin barely misses you.
The floating eye's stare focuses on you.
You miss the water moccasin.
The water moccasin is heavily wounded.
The water moccasin bites you.
* * * LOW HITPOINT WARNING * * *
You miss the water moccasin.
The water moccasin is heavily wounded.
You puncture the water moccasin! You bite the water moccasin.
You draw the water moccasin's blood!
You feel better.
The water moccasin is almost dead.
The water moccasin bites you but does no damage.
The floating eye gazes piercingly through you!
You suddenly lose the ability to move!
The water moccasin bites you but does no damage.
The water moccasin barely misses you. The water moccasin bites you.
* * * LOW HITPOINT WARNING * * *
The water moccasin bites you.
You die...
Yredelemnul claims you as an undead slave.

#_________.#
#_________.#
#_______...###########++
##########'##...........
#.?(.')))'.##......#..#.
##########.##...........
#...........'...........
#+#####'#####......#..#.
#.†@Sr##...........
#####'#####'#####++
#...)G##.......#
#..r..##.......#
###'####.......#
#.....##...<...#
........##.......#
#........##.......#
###########.......#


You could see a water moccasin and a quokka.

Vanquished Creatures
  A floating eye (D)
  A gnoll (D)
  A bat (D)
  2 kobolds (D)
5 creatures vanquished.

Notes
Turn   | Place    | Note
-------+----------+-------------------------------------------
     0 | D        | ugugthedestroyer the Vampire Gladiator began the quest for
                  | the Orb.
     0 | D        | Reached XP level 1. HP: 16/16 MP: 1/1
    56 | D        | Found a bloodstained altar of Trog.
    56 | D        | Found a shimmering blue altar of Sif Muna.
    56 | D        | Found a viscous altar of Jiyva.
    56 | D        | Found a hazy altar of Hepliaklqana.
    56 | D        | Found an opulent altar of Gozag.
    57 | D        | Found a basalt altar of Yredelemnul.
    57 | D        | Found a shimmering altar of Xom.
    57 | D        | Found an ornate altar of the Wu Jian Council.
    57 | D        | Found a sacrificial altar of Ru.
    57 | D        | Found a stormy altar of Qazlal.
    57 | D        | Found an iron altar of Okawaru.
    57 | D        | Found a sparkling altar of Nemelex Xobeh.
    57 | D        | Found a burning altar of Makhleb.
    57 | D        | Found a blossoming altar of Fedhas.
    57 | D        | Found a shadowy altar of Dithmenos.
    57 | D        | Found a snail-covered altar of Cheibriados.
    60 | D        | Found a corrupted altar of Lugonu.
    60 | D        | Found a radiant altar of Vehumet.
    61 | D        | Found an ancient bone altar of Kikubaaqudgha.
    61 | D        | Found a hide-covered altar of Uskayaw.
    61 | D        | Found a broken altar of Ashenzari.
    66 | D        | Became a worshipper of Yredelemnul the Dark
    90 | D        | Reached skill level 4 in Dodging
    90 | D        | Reached XP level 2. HP: 13/18 MP: 2/2
    94 | D        | Noticed a floating eye
    96 | D        | Reached * piety under Yredelemnul
    97 | D        | Reached skill level 1 in Stealth
   101 | D        | Paralysed by a floating eye for 2 turns
   104 | D        | Killed a floating eye
   105 | D        | Reached skill level 1 in Short Blades
   105 | D        | Reached skill level 7 in Dodging
   105 | D        | Gained mutation: You are afflicted with vampirism and can
                  | become a bat while bloodless. [Vampire growth]
   105 | D        | Reached XP level 3. HP: 19/23 MP: 3/3
   105 | D        | Reached XP level 4. HP: 23/28 MP: 4/4
   164 | D        | Noticed a scorpion
   164 | D        | Noticed a floating eye
   165 | D        | Noticed a water moccasin
   166 | D        | Paralysed by a floating eye for 3 turns
   186 | D        | Paralysed by a floating eye for 2 turns
   198 | D        | Paralysed by a floating eye for 3 turns
   201 | D        | Slain by a water moccasin

Illustrated notes

Levels and vault maps discovered:
D:        pitsprint [storerooms_1, entrance_room_1, metal_vault_8, armoury_2,
          mini_pit_1, grid_room_1, main_hall_1, silver_pit, the_coven_2,
          the_vestibule_1, steel_vault_1, golden_pit, hallway_of_sentries,
          crystal_vault_4, iron_vault_4, final_vault]

Skill      XL: |  1  2 |
---------------+-------+-----
Fighting       | 2 3 |  3.5
Long Blades    | 4 6 |  6.3
Dodging        | 4 7 |  7.0
Stealth        | 3 |  3.3
Short Blades   | 1 |  1.1
Throwing       | |  1.5
Armour         | |  0.7

Action                   |  1- 3 |  4- 6 || total
-------------------------+-------+-------++-------
Melee: Short sword       |    12 |    21 ||    33
       Bite              |     3 |     2 ||     5
       Long sword        |     2 |       ||     2
 Abil: Exsanguinate      |     1 |       ||     1
       Revivify          |       |     1 ||     1
  Use: Potion            |       |     1 ||     1
 Stab: Sleeping          |     2 |       ||     2
Armor: Leather armour    |     1 |     4 ||     5
Dodge: Dodged            |     2 |    16 ||    18
